 Dungeon Crawl Stone Soup version 0.29-a0-284-gf9362112df (webtiles) character file.

Game seed: 1088759130027800881

163 spaghetti the Magician (level 5, -1/46 HPs)
             Began as an Octopode Earth Elementalist on Mar 28, 2022.
             Was a Believer of Cheibriados.
             Slain by a hound (5 damage)
             ... on level 3 of the Dungeon.
             The game lasted 00:03:23 (1766 turns).

spaghetti the Magician (OpEE)                       Turns: 1766, Time: 00:03:24

Health: -1/46      AC:  1    Str: 13    XL:     5   Next: 44%
Magic:  1/10       EV: 13    Int: 24    God:    Cheibriados [**....]
Gold:   100        SH:  0    Dex: 17    Spells: 5/11 levels left

rFire   . . .      SeeInvis .   c - +1 dagger (freeze) {short}
rCold   . . .      Faith    .   (no shield)
rNeg    . . .      Spirit   .   (helmet restricted)
rPois   .          Reflect  .   (no amulet)
rElec   .          Harm     .   (no ring)
rCorr   .          Rampage  .   (no ring)
Will    .....                   (no ring)
Stlth   ..........              (no ring)
HPRegen 0.15/turn               (no ring)
MPRegen 0.12/turn               (no ring)
                                (no ring)
                                (no ring)

@: berserking, very slow
A: almost no armour, amphibious, 8 rings, camouflage 1, gelatinous body 1,
(nimble swimmer 1), tentacles
a: Renounce Religion, Bend Time


You were on level 3 of the Dungeon.
You worshipped Cheibriados.
Cheibriados was pleased with you.
You visited 1 branch of the dungeon, and saw 3 of its levels.

You collected 100 gold pieces.


Innate Abilities, Weirdness & Mutations

You cannot wear most types of armour.
You are amphibious.
You can wear up to eight rings at the same time.
Your skin changes colour to match your surroundings (Stealth+).
Your rubbery body absorbs attacks. (AC +1, EV +1)
((You are camouflaged when in or above water. (Stealth+)))
You have tentacles for arms and can constrict up to eight enemies at once.


   Skills:
 - Level 2.0 Dodging
 - Level 2.6 Stealth
 + Level 3.9 Spellcasting
 - Level 3.0 Conjurations
 - Level 1.0 Transmutations
 - Level 3.2 Earth Magic


You had 5 spell levels left.
You knew the following spells:

 Your Spells              Type           Power      Damage    Failure   Level
a - Sandblast             Erth           40%        2d10      2%          1
b - Passwall              Tmut/Erth      11%        N/A       6%          2
c - Stone Arrow           Conj/Erth      38%        3d9       9%          3

Your spell library contained the following spells:

 Spells                   Type           Power      Damage    Failure   Level
 Petrify                  Tmut/Erth      14%        N/A       38%         4

Inventory:

Hand Weapons
 c - a +1 dagger of freezing (weapon) {short}
   (You found it on level 1 of the Dungeon)
 d - a +0 mace {mace}
   (You found it on level 1 of the Dungeon)
 e - a +0 rapier {short}
   (You found it on level 3 of the Dungeon)
Missiles
 a - 94 stones {throwing}
 m - 7 poisoned darts {throwing}
 p - 2 datura-tipped darts {forbiddenthrowing}
Jewellery
 n - a ring of ice
   (You found it on level 2 of the Dungeon)
Scrolls
 f - 2 scrolls of noise {!r}
 i - a scroll of magic mapping {!r}
 q - a scroll of vulnerability {unknown}
 r - a scroll of teleportation {@r4}
Potions
 b - 2 potions of magic
 h - a potion of mutation {unknown}
 j - 2 potions of experience {unknown}
 k - a potion of resistance {unknown}
 l - a potion of haste {unknown}
 o - a potion of lignification {unknown}

Dungeon Overview and Level Annotations

Branches:
Dungeon (3/15)

Altars:
Cheibriados

*,,,,,,,,,,,,,,,*,,,+^***+**,*
*,,,,,,,........#,,,##*,,,,*,***
#...,,,,......#.#,,.'$*,,,,*,,,,
#...#+####......###'###,,,,*****
##...#.............P.P..,,,,,,*
........................,,,,,,***
..................g.....,,,,,,**,
........†.......†ho.....,,,,,,**,
...............)@o......,,,,,,**,
.............).#).......,,,,,,+,,
#######'###..).#...#....,,,,,,***
#####.....###......#,##+**+*+**
..........# #......#,,*,**,*,*
..........# #......#,,,,,,,*,*
..........# #......#,,*,****,****
..........# ####...#,,*,**,,,,,,,
..........#*****...#,,,,**,*,****


You could see a hound, a gnoll and 2 orcs.


Message History

An orc is nearby!
An orc is nearby!
An orc is nearby! 😮 MP[+1]
An orc is nearby!
Aiming: Sandblast (safe; 3% risk of failure)
Press: ? - help, Q - select action, (/) - cycle Shift-Dir - straight line, f - orc
Aim: an orc, wielding a +0 war axe (79% to hit)
The blast of sand hits the orc!
You kill the orc!
Cheibriados appreciates the change of pace. 😮 MP[-1]
You lost 1 mp, and now have 1/10 mp.
An orc comes into view.
It is wielding a +0 short sword. 😕 HP[+2] MP[+1]
You regained 2 hp, and now have 24/31 hp.
An orc is nearby!
An orc is nearby!
An orc is nearby!
An orc is nearby!
Items here: )) [ ††. 😕 MP[+1]
An orc comes into view. It is wielding a +0 club.
The orc shouts!
A hound comes into view. x2
The orc barely misses you.
Things that are here:
a +0 war axe {axe}; an orc corpse
Aiming: Sandblast (safe; 3% risk of failure)
Press: ? - help, Q - select action, (/) - cycle Shift-Dir - straight line, f - orc
Aim: an orc, wielding a +0 short sword (79% to hit)
The blast of sand hits the orc!
You kill the orc!
Cheibriados appreciates the change of pace.
Something unseen opens the door. 😕 MP[-1]
You lost 1 mp, and now have 2/10 mp.
Aiming: Sandblast (safe; 3% risk of failure)
Press: ? - help, Q - select action, (/) - cycle Shift-Dir - straight line, f - you That would be overly suicidal.
Okay, then.
Aiming: Sandblast (safe; 3% risk of failure)
Press: ? - help, Q - select action, (/) - cycle Shift-Dir - straight line, f - you That would be overly suicidal.
Okay, then.
Unknown command.
A gnoll comes into view. It is wielding a +0 spear.
An orc comes into view.
It is wielding a +2 flail of protection.
Aiming: Sandblast (safe; 3% risk of failure)
Press: ? - help, Q - select action, (/) - cycle Shift-Dir - straight line, f - hound
Aim: a hound (71% to hit)
The blast of sand hits the hound!
The gnoll shouts!
The orc shouts!
The hound bites you. 😮 HP[-6] MP[-1]
You take 6 damage, and now have 18/31 hp.
You lost 1 mp, and now have 1/10 mp.
Aiming: Sandblast (safe; 3% risk of failure)
Press: ? - help, Q - select action, (/) - cycle Shift-Dir - straight line, f/p - hound
Aim: a hound (heavily wounded, 71% to hit)
The blast of sand hits the hound!
You kill the hound!
Cheibriados thoroughly appreciates the change of pace.
Cheibriados raises the support of your attributes as your movement slows.
The orc hits you with a +0 club.
* * * LOW HITPOINT WARNING * * *
Training target 3.0 for Conjurations reached!
Your Conjurations skill increases to level 3! 😨 HP[-3] MP[-1]
You take 3 damage, and now have 15/31 hp.
You lost 1 mp, and now have 0/10 mp.
You don't have enough magic to cast this spell.
Unknown command.
You don't have enough magic to cast this spell.
Unknown command.
It was a potion of berserk rage.
A red film seems to cover your vision as you go berserk!
Cheibriados protects you from inadvertent hurry.
You feel mighty! The hound bites you but does no damage.
The gnoll hits you from afar with a +0 spear.
* * * LOW HITPOINT WARNING * * *
The orc barely misses you. The hound bites you.
* * * LOW HITPOINT WARNING * * *
😨 HP[-3]
You now have 46 max hp (+15).
You barely miss the orc. You grab the orc. You constrict the orc.
The hound bites you.
* * * LOW HITPOINT WARNING * * *
The gnoll closely misses you. The orc hits you with a +0 club.
* * * LOW HITPOINT WARNING * * *
😱 HP[-2] MP[+1]
You take 2 damage, and now have 10/46 hp.
You hit the orc but do no damage.
You constrict the orc, but do no damage.
The hound misses you.
The gnoll hits you from afar with a +0 spear.
* * * LOW HITPOINT WARNING * * *
The orc closely misses you. The hound bites you.
You die...

Skill      XL: |  1  2  3  4  5 |
---------------+----------------+-----
Spellcasting   | 3 |  3.9
Conjurations   | 1 2 3 |  3.0
Dodging        | |  2.0
Stealth        | |  2.6
Transmutations | |  1.0
Earth Magic    | |  3.2

Action                   |  1- 3 |  4- 6 || total
-------------------------+-------+-------++-------
Melee: Dagger            |     7 |     3 ||    10
       Tentacles         |     1 |       ||     1
       Constrict         |     1 |     1 ||     2
 Cast: Sandblast         |    30 |    26 ||    56
  Use: Potion            |     1 |     1 ||     2
       Scroll            |       |     4 ||     4
Armor: Skin              |       |     1 ||     1
Dodge: Dodged            |     9 |     6 ||    15

Levels and vault maps discovered:
D:1:      ncdulo_lavacross, layout_basic, basic_ecumenical_altar
D:2:      layout_rooms, uniq_jessica
D:3:      layout_basic, cheibrodos_gnoll_hut

Notes
Turn   | Place    | Note
-------+----------+-------------------------------------------
     0 | D:1      | spaghetti the Octopode Earth Elementalist began the quest
                  | for the Orb.
     0 | D:1      | Reached XP level 1. HP: 11/11 MP: 3/3
     0 | D:1      | magus.rc [v1.9.6]
   124 | D:1      | Reached XP level 2. HP: 17/17 MP: 3/5
   524 | D:1      | Found a faded altar of an unknown god.
   532 | D:1      | Prayed at the altar of an unknown god.
   532 | D:1      | Became a worshipper of Cheibriados the Contemplative
   532 | D:1      | Reached * piety under Cheibriados
   580 | D:1      | Reached skill level 3 in Spellcasting
   786 | D:1      | Reached XP level 3. HP: 21/21 MP: 5/7
   789 | D:1      | Learned a level 2 spell: Passwall
   793 | D:1      | Learned a level 3 spell: Stone Arrow
   966 | D:3      | Reached skill level 1 in Conjurations
  1051 | D:2      | Noticed Jessica
  1056 | D:2      | Killed Jessica
  1057 | D:2      | Reached XP level 4. HP: 26/27 MP: 5/9
  1061 | D:2      | Reached skill level 2 in Conjurations
  1250 | D:2      | Reached ** piety under Cheibriados
  1740 | D:3      | Reached XP level 5. HP: 22/31 MP: 3/10
  1764 | D:3      | Reached skill level 3 in Conjurations
  1765 | D:3      | HP: 10/46 [orc/+0 club (2)]
  1766 | D:3      | HP: 4/46 [gnoll/+0 spear (6)]
  1766 | D:3      | Slain by a hound

Vanquished Creatures
  A hound (D:3)
  Jessica (D:2)
  An orc wizard (D:3)
  3 adders
  A dart slug (D:1)
  4 orcs (D:3)
  5 ball pythons
  4 endoplasms
  2 giant cockroaches
  3 goblins
  6 hobgoblins
  6 kobolds
  A quokka (D:2)
  4 bats
  4 frilled lizards
  5 rats
51 creatures vanquished.

Table legend:
 A = Non-vault XP
 B = Vault XP
 C = Vault XP percentage of total XP
 D = Non-vault monster count
 E = Vault monster count
 F = Vault count percentage of total count
                 A         B        C        D         E       F
            +---------+---------+-------+---------+---------+-------
      Total |     154 |      79 |  33.9 |      49 |       2 |   3.9
            +---------+---------+-------+---------+---------+-------
        D:1 |      36 |       0 |   0.0 |      20 |       0 |   0.0
        D:2 |      45 |      37 |  45.1 |      15 |       1 |   6.2
        D:3 |      73 |      42 |  36.5 |      14 |       1 |   6.7
            +---------+---------+-------+---------+---------+-------

Illustrated notes

Table legend:
 A = Kills in this place as a percentage of kills in entire the game.
 B = Kills by you in this place as a percentage of kills by you in the entire game.
 C = Kills by friends in this place as a percentage of kills by friends in the entire game.
 D = Other kills in this place as a percentage of other kills in the entire game.
 E = Experience gained in this place as a percentage of experience gained in the entire game.
 F = Experience gained in this place divided by the number of levels of this place that you have seen.
                   A       B       C       D       E      F
               +-------+-------+-------+-------+-------+----------------------
         Total | 100.0 | 100.0 |   N/A |   N/A | 100.0 |  77.7
       Dungeon | 100.0 | 100.0 |   N/A |   N/A | 100.0 |  77.7
               +-------+-------+-------+-------+-------+----------------------

Table legend: (Time is in decaauts)
 A = Elapsed time spent in this place.
 B = Non-inter-level travel time spent in this place.
 C = Inter-level travel time spent in this place.
 D = Time resting spent in this place.
 E = Time spent auto-exploring this place.
 F = Levels seen in this place.
 G = Mean time per level.
                   A        B        C        D        E       F      G
               +--------+--------+--------+--------+--------+-----+--------+
         Total |   2111 |   2024 |     87 |     96 |   1611 |   3 |  703.7 |
       Dungeon |   2111 |   2024 |     87 |     96 |   1611 |   3 |  703.7 |
               +--------+--------+--------+--------+--------+-----+--------+

Top non-repeatable levels by time:
     D:1: 992 daAuts
     D:2: 770 daAuts
     D:3: 348 daAuts
